 Dungeon Crawl Stone Soup version 0.31-a0-988-g08d55dae12 (webtiles) character file.

Game seed: 6442978649608979478

107 grindst0ne the Ruffian (level 4, -10/41 HPs)
             Began as a Ghoul Monk on Nov 4, 2023.
             Mangled by a gnoll
             ... wielding a +0 halberd
              (14 damage)
             ... on level 3 of the Dungeon.
             The game lasted 00:03:35 (1604 turns).

grindst0ne the Ruffian (Ghoul Monk)                 Turns: 1604, Time: 00:03:36

Health: -10/41     AC:  8    Str: 16    XL:     4   Next: 86%
Magic:  3/3        EV: 10    Int:  5    God:
Gold:   156        SH:  0    Dex: 11    Spells: 3/3 levels left

rFire   . .          .
                       - Unarmed
rCold   + . .        c - orb {light}
rNeg    + + +        i - +0 scale mail
rPois   ∞            (no helmet)
rElec   .            (no cloak)
rCorr   .            h - +1 pair of gloves
SInv    .            (no boots)
Will    +....        (no amulet) Stlth
                     l - ring of willpower
HPRegen 0.00/turn    (no ring)
MPRegen 0.08/turn

%: no passive effects
@: inhibited regen, glowing
A: claws 1, cold resistance 1, negative energy resistance 3, inhibited
regeneration, torment resistance 2, devour on kill
a: no special abilities


You were on level 3 of the Dungeon.
You visited 1 branch of the dungeon, and saw 3 of its levels.

You collected 156 gold pieces.

Inventory:

Armour
 a - a +0 robe
 c - an orb of light (worn)
 h - a +1 pair of gloves (worn)
 i - a +0 scale mail (worn)
 n - a +0 buckler
Jewellery
 l - a ring of willpower (left hand)
Wands
 m - a wand of charming (14)
Scrolls
 d - a scroll of immolation {unknown}
 e - 3 scrolls of identify {unknown}
 f - 2 scrolls of vulnerability {unknown}
 k - a scroll of fog {unknown}
 o - a scroll of revelation {unknown}
 q - a scroll of teleportation {unknown}
 r - a scroll of fear {unknown}
Potions
 b - a potion of ambrosia
 g - a potion of mutation {unknown}
 j - a potion of attraction {unknown}
 p - a potion of brilliance {unknown}
 s - a potion of enlightenment {unknown}


   Skills:
 + Level 4.8 Fighting
 - Level 2.6 Dodging
 + Level 4.8 Unarmed Combat


You had 3 spell levels left.
You didn't know any spells.
Your spell library contained the following spells:

 Spells                   Type           Power      Damage    Failure   Level
 Lesser Beckoning         Tloc           0%         N/A       97%         2
 Gell's Gravitas          Tloc           0%         N/A       99%         3
 Teleport Other           Tloc           0%         N/A       99%         3


Dungeon Overview and Level Annotations

Branches:
Dungeon (3/15)

Altars:


Innate Abilities, Weirdness & Mutations

You are immune to poison.
You have sharp fingernails.
Your flesh is cold resistant. (rC+)
You are immune to negative energy. (rN+++)
You do not regenerate when monsters are visible.
You are immune to unholy pain and torment.
You thrive by killing the living.


Message History

The gnoll hits you from afar with a +0 spear.
You hit the gnoll but do no damage.
The gnoll is heavily wounded.
The gnoll hits you but does no damage.
The gnoll hits you from afar with a +0 spear.
You hit the gnoll.
The gnoll is almost dead.
The gnoll hits you but does no damage. The gnoll barely misses you.
You hit the gnoll but do no damage.
The gnoll is almost dead.
The gnoll closely misses you. The gnoll hits you with a +0 whip.
You hit the gnoll but do no damage.
The gnoll is almost dead.
The gnoll hits you with a +0 whip. The gnoll misses you.
You punch the gnoll!
You kill the gnoll!
The gnoll hits you from afar with a +0 spear.
The gnoll hits you with a +0 spear.
The gnoll hits you from afar with a +0 halberd!
You see here a +0 whip.
You hit the gnoll but do no damage.
The gnoll is moderately wounded.
You barely miss the gnoll.
The gnoll is moderately wounded.
The gnoll hits you from afar with a +0 halberd!
* * * LOW HITPOINT WARNING * * *
The gnoll hits you with a +0 spear.
* * * LOW HITPOINT WARNING * * *
You hit the gnoll.
The gnoll is severely wounded.
The gnoll hits you but does no damage. The gnoll barely misses you.
You punch the gnoll!
You kill the gnoll!
You feel better. The gnoll barely misses you.
A hobgoblin comes into view.
The gnoll misses you.
Things that are here:
a +0 spear; a gnoll corpse You barely miss the gnoll.
The gnoll hits you with a +0 halberd!
You die...

#..........#
#.########(#
#. #.# #.#
#.# #.# #.#
#)# #@#
..g....g#
##.####.#
#.# #.# #.#
#.# ..#


You could see a gnoll and a hobgoblin.

Vanquished Creatures
  2 gnolls (D:3)
  3 adders
  A worm (D:2)
  2 dart slugs (D:2)
  2 ball pythons (D:1)
  3 endoplasms
  2 giant cockroaches (D:1)
  4 goblins
  6 hobgoblins
  6 jackals (D:1)
  A quokka (D:2)
  6 bats
  3 frilled lizards
  4 kobolds
  9 rats
54 creatures vanquished.

Notes
Turn   | Place    | Note
-------+----------+-------------------------------------------
     0 | D:1      | grindst0ne the Ghoul Monk began the quest for the Orb.
     0 | D:1      | Reached XP level 1. HP: 19/19 MP: 0/0
    82 | D:1      | Reached XP level 2. HP: 2/26 MP: 1/1
   506 | D:1      | Reached XP level 3. HP: 33/33 MP: 2/2
   904 | D:2      | Reached XP level 4. HP: 41/41 MP: 3/3
  1600 | D:3      | HP: 2/41 [gnoll/+0 spear (2)]
  1604 | D:3      | Mangled by a gnoll

Illustrated notes

Levels and vault maps discovered:
D:1:      scummos_arrival_simple_fountains, layout_rooms,
          minmay_misc_feat_nine_boxes, minmay_misc_feat_roman
D:2:      layout_loops_ring
D:3:      minmay_octagon_keep, layout_loops_ring, xom_confusion_cloud

Skill      XL: |  1  2  3 |
---------------+----------+-----
Fighting       | 4 |  4.8
Unarmed Combat | 4 |  4.8
Dodging        | |  2.6

Action                     |  1- 3 |  4- 6 || total
---------------------------+-------+-------++-------
  Melee: Unarmed           |    83 |    52 ||   135
 Armour: Robe              |    39 |       ||    39
         Scale mail        |     6 |    36 ||    42
  Dodge: Dodged            |    60 |    26 ||    86

Table legend: (Time is in decaauts)
 A = Elapsed time spent in this place.
 B = Non-inter-level travel time spent in this place.
 C = Inter-level travel time spent in this place.
 D = Time resting spent in this place.
 E = Time spent auto-exploring this place.
 F = Levels seen in this place.
 G = Mean time per level.
                   A        B        C        D        E       F      G
               +--------+--------+--------+--------+--------+-----+--------+
         Total |   1592 |   1523 |     69 |      0 |   1120 |   3 |  530.7 |
       Dungeon |   1592 |   1523 |     69 |      0 |   1120 |   3 |  530.7 |
               +--------+--------+--------+--------+--------+-----+--------+

Top non-repeatable levels by time:
     D:1: 684 daAuts
     D:2: 657 daAuts
     D:3: 251 daAuts
